 Dungeon Crawl Stone Soup version 0.28.0-43-g3370ac3207 (webtiles) character file.

Game seed: 12693180152892850654

238 AngPrime the Covered (level 6, -2/38 HPs)
             Began as a Gargoyle Fighter on Mar 28, 2022.
             Was an Initiate of Wu Jian.
             Slain by a meliai zombie (4 damage)
             ... on level 5 of the Dungeon.
             The game lasted 00:20:51 (3820 turns).

AngPrime the Covered (Gargoyle Fighter)             Turns: 3820, Time: 00:20:52

Health: -2/38      AC: 15    Str: 21    XL:     6   Next: 7%
Magic:  6/6        EV:  7    Int: 15    God:    Wu Jian [......]
Gold:   207        SH:  4    Dex:  9    Spells: 5/5 levels left

rFire   + . .      SeeInvis .   J - +0 morningstar
rCold   . . .      Faith    .   c - +0 buckler
rNeg    + . .      Spirit   .   q - +0 chain mail
rPois   ∞          Reflect  .   (no helmet)
rElec   +          Harm     .   (no cloak)
rCorr   .          Rampage  .   (no gloves)
Will    .....                   e - +0 pair of boots
Stlth   ..........              (no amulet)
HPRegen 0.12/turn               g - +6 ring of intelligence
MPRegen 0.10/turn               l - ring of protection from fire

@: no status effects
A: sickness immunity, AC +4, negative energy resistance 1, electricity
resistance, torment resistance 1, petrification resistance
a: Renounce Religion


You were on level 5 of the Dungeon.
You worshipped Wu Jian.
Wu Jian was noncommittal.
You visited 1 branch of the dungeon, and saw 5 of its levels.

You collected 207 gold pieces.

Inventory:

Hand Weapons
 i - a +0 dagger
 j - a +0 dagger
 m - a +0 dagger
 n - a +0 whip
 p - a +0 club
 v - a +0 dagger
 E - a +0 hand axe
 I - a +0 flail
 J - a +0 morningstar (weapon)
Missiles
 f - 3 boomerangs (quivered)
 k - 90 stones
 t - 53 sling bullets
 B - 12 bolts
 C - 24 arrows
Armour
 b - a +0 scale mail
 c - a +0 buckler (worn)
 e - a +0 pair of boots (worn)
 o - a +0 robe
 q - a +0 chain mail (worn)
 y - a +0 ring mail
Magical Staves
 a - a staff of cold
Jewellery
 g - a +6 ring of intelligence (left hand)
 l - a ring of protection from fire (right hand)
Wands
 F - a wand of iceblast (10)
Scrolls
 s - a scroll of teleportation {unknown}
 u - a scroll of identify {unknown}
 x - a scroll of fog {unknown}
 D - a scroll of immolation {unknown}
 H - a scroll of silence {unknown}
Potions
 d - a potion of might
 h - 2 potions of curing {unknown}
 r - a potion of heal wounds {unknown}
 w - 2 potions of attraction {unknown}
 z - a potion of lignification {unknown}
 A - 2 potions of brilliance {unknown}
 G - a potion of haste
 L - a potion of cancellation {unknown}


   Skills:
 + Level 4.0 Fighting
 + Level 4.1 Maces & Flails
 + Level 0.1(2.4) Staves
 + Level 0.3 Throwing
 + Level 4.5 Armour
 + Level 0.3 Dodging
 + Level 0.4 Stealth
 + Level 4.2 Shields


You had 5 spell levels left.
You didn't know any spells.
Your spell library contained the following spells:

 Spells                   Type           Power      Damage    Failure   Level
 Magic Dart               Conj           0%         1d3       97%         1
 Searing Ray              Conj           0%         2d4       99%         2
 Fulminant Prism          Conj/Hex       0%         3d6       100%        4


Dungeon Overview and Level Annotations

Branches:
Dungeon (5/15)
 Temple: D:4-7

Altars:
Elyvilon
Nemelex Xobeh
Ru
Sif Muna
Trog
Wu Jian

Shops:
D:1 :


Innate Abilities, Weirdness & Mutations

You are immune to sickness and miasma.
Your stone body is resilient. (AC +4)
You are immune to poison.
You resist negative energy. (rN+)
You are resistant to electric shocks. (rElec)
You are resistant to unholy torment.
You are immune to petrification.


Message History

The meliai zombie is heavily damaged.
The meliai zombie hits you but does no damage.
The meliai zombie hits you. x2
* * * LOW HITPOINT WARNING * * *
The meliai zombie hits you but does no damage.
You puncture the meliai zombie!
The meliai zombie is severely damaged.
The meliai zombie hits you.
* * * LOW HITPOINT WARNING * * *
You block the meliai zombie's attack.
The meliai zombie hits you but does no damage.
The meliai zombie barely misses you.
The meliai zombie hits you but does no damage.
You block the meliai zombie's attack.
You hit the meliai zombie.
The meliai zombie is almost destroyed.
The meliai zombie hits you but does no damage.
The meliai zombie hits you.
* * * LOW HITPOINT WARNING * * *
The meliai zombie hits you but does no damage.
You block the meliai zombie's attack.
You closely miss the meliai zombie.
The meliai zombie is almost destroyed.
The meliai zombie hits you.
* * * LOW HITPOINT WARNING * * *
The meliai zombie hits you but does no damage.
The meliai zombie barely misses you. x2
Unknown command.
You barely miss the meliai zombie.
The meliai zombie is almost destroyed.
The meliai zombie closely misses you. You block the meliai zombie's attack.
The meliai zombie hits you but does no damage.
The meliai zombie hits you.
* * * LOW HITPOINT WARNING * * *
The meliai zombie hits you.
* * * LOW HITPOINT WARNING * * *
The meliai zombie barely misses you.
The meliai zombie hits you but does no damage. x2
The meliai zombie hits you.
You die...

##......#...........
##......#.........
#.......#........
##......##.....# .
##......##.....####..
#........#.......?...
#........#...........
##.......#...Z.......
##.......#...@.......
#........#...........
#........#...........
#........#...........
#.......##....#######
####.......####†###
...#..............#
....#.............#
....#.............#


You could see a meliai zombie.

Vanquished Creatures
  A scorpion (D:5)
  A hound (D:5)
  Ijyb (D:4)
  An iguana (D:5)
  4 adders
  A dart slug (D:2)
  7 ball pythons
  5 endoplasms
  2 giant cockroaches
  5 hobgoblins
  5 jackals
  3 quokkas
  6 bats
  4 frilled lizards
  4 goblins
  3 kobolds (D:1)
  16 rats
69 creatures vanquished.

Notes
Turn   | Place    | Note
-------+----------+-------------------------------------------
     0 | D:1      | AngPrime the Gargoyle Fighter began the quest for the Orb.
     0 | D:1      | Reached XP level 1. HP: 14/14 MP: 1/1
   185 | D:1      | Reached XP level 2. HP: 14/19 MP: 2/2
   206 | D:1      | Found Buudd's Book Shoppe.
   871 | D:2      | Found a bloodstained altar of Trog.
   927 | D:2      | Reached XP level 3. HP: 22/23 MP: 3/3
  2204 | D:2      | Reached XP level 4. HP: 21/29 MP: 4/4
  2321 | D:3      | Noticed a great orb of eyes
  2451 | D:3      | Found a sparkling altar of Nemelex Xobeh.
  2546 | D:3      | Noticed a great orb of eyes
  2550 | D:3      | Found a faded altar of an unknown god.
  2552 | D:3      | Noticed a shining eye
  2560 | D:3      | Noticed a floating eye
  2567 | D:3      | Prayed at the altar of an unknown god.
  2567 | D:3      | Became a worshipper of Ru the Awakened
  2892 | D:3      | Found a white marble altar of Elyvilon.
  2903 | D:3      | Found an ornate altar of the Wu Jian Council.
  2917 | D:3      | Fell from the grace of Ru
  2917 | D:3      | Became a worshipper of the Wu Jian Council
  3184 | D:4      | Noticed Ijyb
  3210 | D:4      | Killed Ijyb
  3417 | D:4      | Reached XP level 5. HP: 31/33 MP: 5/5
  3459 | D:4      | Found a shimmering blue altar of Sif Muna.
  3496 | D:5      | Entered Level 5 of the Dungeon
  3732 | D:5      | Reached XP level 6. HP: 38/38 MP: 6/6
  3817 | D:5      | HP: 1/38 [meliai zombie (3)]
  3820 | D:5      | Slain by a meliai zombie

Illustrated notes

Levels and vault maps discovered:
D:1:      dpeg_arrival_three_bigger_balls, layout_loops_ring, serial_shops,
          nicolae_shop_crystal
D:2:      layout_basic, basic_altar, chequers_serial_rivers_micro_c,
          minmay_rat_gold_closets
D:3:      layout_rooms, mainiacjoe_overflow_24_doors, minitemple,
          hellmonk_ecumenical_altar_watching_god, serial_co_window_serial,
          co_window_corner_a, co_window_paths_b, co_window_of_opportunity_a,
          co_window_of_opportunity_a, co_window_cross_1,
          co_window_of_opportunity_a, co_window_paths_a, co_window_broadway_b,
          co_window_paths_c, co_window_broadway_b, co_window_of_opportunity_b,
          co_window_broadway_a, glass_columns_a, glass_columns_c,
          glass_columns_c, glass_columns_a, glass_columns_c, minmay_hedge_maze,
          nrook_mini_vaults, minmay_distorted
D:4:      layout_loops_ring, lemuel_blue_sif_altar, grunt_qazlal_sundering,
          mainiacjoe_overflow_alcove_4, uniq_ijyb, uniq_menkaure
D:5:      layout_gridville, minmay_checkerbox, uniq_prince_ribbit1

Skill      XL: |  1  2  3  4  5 |
---------------+----------------+-----
Maces & Flails | 3 4 |  4.1
Armour         | 4 |  4.5
Shields        | 4 |  4.2
Fighting       | 4 |  4.0
Staves         | |  0.1
Throwing       | |  0.3
Dodging        | |  0.3
Stealth        | |  0.4

Action                   |  1- 3 |  4- 6 || total
-------------------------+-------+-------++-------
Melee: Flail             |   118 |    76 ||   194
       Staff             |       |     5 ||     5
       Morningstar       |       |    28 ||    28
Throw: Boomerang         |     7 |     1 ||     8
Invok: Lunge             |       |     4 ||     4
  Use: Scroll            |       |     1 ||     1
Armor: Scale mail        |    20 |       ||    20
       Chain mail        |    54 |   103 ||   157
Dodge: Dodged            |    45 |    56 ||   101
Block: Buckler           |    24 |    32 ||    56
